 Dungeon Crawl Stone Soup version 0.30-a0-779-g7971cf19c3 (webtiles) character file.

Game seed: 6274018337050821342

1182 Dittersdorf the Covered (level 8, -2/51 HPs)
             Began as a Gargoyle Fighter on Feb 17, 2023.
             Slain by a yak (6 damage)
             ... on level 5 of the Dungeon.
             The game lasted 00:08:22 (4878 turns).

Dittersdorf the Covered (Gargoyle Fighter)          Turns: 4878, Time: 00:08:22

Health: -2/51      AC: 19    Str: 21    XL:     8   Next: 42%
Magic:  8/8        EV:  7    Int: 10    God:
Gold:   330        SH:  5    Dex:  9    Spells: 7/7 levels left

rFire   . . .      SeeInvis .    a - +1 flail (heavy)
rCold   . . .      Faith    .    c - +0 buckler
rNeg    + . .      Spirit   .    x - +0 chain mail
rPois   ∞          Reflect  .    (no helmet)
rElec   +          Harm     .    (no cloak)
rCorr   .          Rampage  .    o - +0 pair of gloves
Will    .....                    w - +1 pair of boots {Stlth+} Stlth
                                 (no amulet)
HPRegen 0.28/turn                (no ring)
MPRegen 0.11/turn                (no ring)

@: invisible
A: sickness immunity, AC +5, negative energy resistance 1, electricity
resistance, torment resistance 1, petrification resistance
a: no special abilities


You were on level 5 of the Dungeon.
You visited 1 branch of the dungeon, and saw 6 of its levels.

You collected 330 gold pieces.

Inventory:

Hand Weapons
 a - a +1 heavy flail (weapon)
Missiles
 t - 3 curare-tipped darts (quivered)
Armour
 c - a +0 buckler (worn)
 o - a +0 pair of gloves (worn)
 w - a +1 pair of boots of stealth (worn)
 x - a +0 chain mail (worn)
Jewellery
 b - a ring of wizardry
Wands
 s - a wand of digging (4)
 v - a wand of flame (16)
Scrolls
 h - 2 scrolls of teleportation
 i - a scroll of poison
Potions
 d - a potion of might
 e - 3 potions of heal wounds {unknown}
 f - 2 potions of lignification {unknown}
 g - a potion of flight {unknown}
 k - 2 potions of ambrosia {unknown}
 l - a potion of attraction {unknown}
 n - a potion of curing {unknown}
 p - 2 potions of degeneration {unknown}
 q - a potion of cancellation
 u - 2 potions of brilliance


   Skills:
 + Level 6.2 Fighting
 + Level 5.2 Maces & Flails
 + Level 6.2 Armour
 + Level 6.2 Shields


You had 7 spell levels left.
You didn't know any spells.
Your spell library was empty.

Dungeon Overview and Level Annotations

Branches:
Dungeon (6/15)
 Temple: D:4-7

Altars:
Zin


Innate Abilities, Weirdness & Mutations

You are immune to sickness and miasma.
Your stone body is resilient. (AC +5)
You are immune to poison.
You resist negative energy. (rN+)
You are resistant to electric shocks. (rElec)
You are resistant to unholy torment.
You are immune to petrification.


Message History

You closely miss the yak. The yak gores you. You block the yak's attack.
You hit the yak.
The yak is lightly wounded.
The yak gores you.
You completely miss the yak.
The yak is lightly wounded.
The yak gores you but does no damage. x2
You hit the yak.
The yak is moderately wounded.
The yak gores you! You block the yak's attack.
You barely miss the yak.
The yak is moderately wounded.
The yak gores you. The yak barely misses you.
You sock the yak!
The yak is severely wounded.
The yak gores you!
* * * LOW HITPOINT WARNING * * *
You sock the yak!
The yak is almost dead.
The yak gores you but does no damage. x2
You hit the yak.
The yak is almost dead.
The yak gores you!
* * * LOW HITPOINT WARNING * * *
The yak gores you but does no damage.
You barely miss the yak.
The yak is almost dead.
The yak gores you.
* * * LOW HITPOINT WARNING * * *
The yak gores you.
* * * LOW HITPOINT WARNING * * *
You barely miss the yak.
The yak is almost dead.
The yak gores you but does no damage.
You hit the yak.
You kill the yak!
The yak closely misses you.
You fade into invisibility!
The yak gores you.
You die...

#.###..# #......##...#..#.......
#.###..####..............#....#.#
...)..................#..........
#.###............##...#..#....#..
#.#####.......................#..
#.##.......##..#.##...#..#....#..
#.##.............................
#..............#Y##...#..#..#.#..
#.##.......##..#@##..............
#.##.......##................#...
#.##.......##.##......#..#.#.#...
#.######.........................
#.######.####.##.##..##..#.#.##..
#.##.........................##..
#......).####....##..............
####.##..# #....##..##..###.##..
# #.##..# #....##..........##..


You could see a yak (unable to see you).

Vanquished Creatures
  2 yaks (D:5)
  A steam dragon (D:6)
  An ice beast (D:5)
  A phantom (D:5)
  A bullfrog (D:5)
  A necrophage (D:4)
  2 scorpions
  3 jellies (D:5)
  A hound (D:4)
  3 orc priests
  8 adders
  A white imp (D:5)
  2 worms
  2 dart slugs
  12 orcs
  7 endoplasms
  A giant cockroach (D:4)
  4 goblins
  5 hobgoblins
  4 jackals (D:2)
  4 kobolds
  4 quokkas
  9 ball pythons
  5 bats
  5 frilled lizards
  5 rats
94 creatures vanquished.

Notes
Turn   | Place    | Note
-------+----------+-------------------------------------------
     0 | D:1      | Dittersdorf the Gargoyle Fighter began the quest for the
                  | Orb.
     0 | D:1      | Reached XP level 1. HP: 14/14 MP: 1/1
   129 | D:1      | Reached XP level 2. HP: 17/19 MP: 2/2
   716 | D:2      | Reached XP level 3. HP: 19/23 MP: 3/3
  1352 | D:3      | Found a faded altar of an unknown god.
  1421 | D:3      | Identified the +7 dagger of Iconoclasm {flame, Int+4}
  1487 | D:3      | Reached XP level 4. HP: 29/29 MP: 4/4
  1647 | D:3      | Reached XP level 5. HP: 33/33 MP: 5/5
  2184 | D:3      | You fall into a shaft and drop 2 floors!
  2184 | D:5      | Entered Level 5 of the Dungeon
  2185 | D:5      | yay!
  2326 | D:5      | Noticed a phantom
  2368 | D:4      | Reached XP level 6. HP: 19/39 MP: 6/6
  3676 | D:5      | Noticed an ice beast
  3686 | D:5      | Killed an ice beast
  3687 | D:5      | Reached skill level 5 in Fighting
  3687 | D:5      | Reached skill level 5 in Armour
  3687 | D:5      | Reached skill level 5 in Shields
  3687 | D:5      | Reached XP level 7. HP: 44/44 MP: 7/7
  4289 | D:5      | Found a glowing silver altar of Zin.
  4421 | D:6      | Noticed a steam dragon
  4429 | D:6      | Killed a steam dragon
  4430 | D:6      | Reached XP level 8. HP: 19/51 MP: 8/8
  4749 | D:6      | Noticed a yak
  4751 | D:6      | Noticed a yak
  4751 | D:6      | Noticed a yak
  4772 | D:5      | Killed a yak
  4773 | D:5      | Reached skill level 5 in Maces & Flails
  4875 | D:5      | HP: 2/51 [yak (5)]
  4877 | D:5      | Killed a yak
  4878 | D:5      | Slain by a yak

Illustrated notes

. ... #.
#..
##.###.#
.#......#
.........
#......#
#......#
#.....@#
#......#
##.###.#
# #.. ...
#.!# #..#
#..#


Turn 2185 on D:5: yay!

Levels and vault maps discovered:
D:1:      minmay_arrival_four_houses, layout_loops_ring, kennysheep_flooded_box,
          minmay_tripent
D:2:      layout_loops_ring, minmay_pentomino_w2
D:3:      layout_loops_ring, chequers_ecumenical_altar_simple,
          kennysheep_generic_room_5
D:4:      layout_basic
D:5:      layout_basic, zin_statuary
D:6:      layout_loops_ring, minmay_temple_entry_enclosed_plants

Skill      XL: |  1  2  3  4  5  6  7  8 |
---------------+-------------------------+-----
Fighting       | 4 5 6 |  6.2
Maces & Flails | 3 4 5 |  5.2
Armour         | 4 5 6 |  6.2
Shields        | 4 5 6 |  6.2

Action                     |  1- 3 |  4- 6 |  7- 9 || total
---------------------------+-------+-------+-------++-------
  Melee: Flail             |   134 |   169 |    52 ||   355
    Use: Scroll            |       |    11 |       ||    11
         Potion            |       |       |     1 ||     1
 Armour: Scale mail        |    75 |    99 |       ||   174
         Chain mail        |       |    45 |    38 ||    83
  Dodge: Dodged            |    75 |    93 |    21 ||   189
  Block: Buckler           |    46 |    43 |    19 ||   108

Table legend: (Time is in decaauts)
 A = Elapsed time spent in this place.
 B = Non-inter-level travel time spent in this place.
 C = Inter-level travel time spent in this place.
 D = Time resting spent in this place.
 E = Time spent auto-exploring this place.
 F = Levels seen in this place.
 G = Mean time per level.
                   A        B        C        D        E       F      G
               +--------+--------+--------+--------+--------+-----+--------+
         Total |   5011 |   4789 |    222 |    528 |   3297 |   6 |  835.2 |
       Dungeon |   5011 |   4789 |    222 |    528 |   3297 |   6 |  835.2 |
               +--------+--------+--------+--------+--------+-----+--------+

Top non-repeatable levels by time:
     D:4: 1127 daAuts
     D:5: 1085 daAuts
     D:3: 1085 daAuts
     D:1: 674 daAuts
     D:2: 671 daAuts
     D:6: 366 daAuts
